 Dungeon Sprint DCSS version 0.30.1-11-g7821555f0a (webtiles) character file.

Game seed: 6334718299286739793

548 Groucho the Trooper (level 7, -4/48 HPs)
             Began as a Gargoyle Gladiator on Jan 1, 2024.
             Was a Follower of Cheibriados.
             Slain by a boulder beetle (6 damage)
             ... in the Dungeon (Sprint IX: "|||||||||||||||||||||||||||||").
             The game lasted 00:02:31 (602 turns).

Groucho the Trooper (Gargoyle Gladiator)             Turns: 602, Time: 00:02:32

Health: -4/48      AC: 20    Str: 20    XL:     7   Next: 28%
Magic:  12/12      EV:  8    Int: 12    God:    Cheibriados [*.....]
Gold:   0          SH:  0    Dex: 13    Spells: 6/6 levels left

rFire   . . .        n - +2 morningstar (heavy)
rCold   . . .        (no shield)
rNeg    + . .        d - +0 plate armour
rPois   ∞            c - +0 helmet
rElec   +            (no cloak)
rCorr   .            (no gloves)
SInv    .            p - +0 pair of boots
Will    .....        (no amulet) Stlth
                     (no ring)
HPRegen 0.28/turn    (no ring)
MPRegen 0.13/turn

%: no teleportation
@: very slow
A: sickness immunity, AC +4, negative energy resistance 1, electricity
resistance, torment resistance 1, petrification resistance
a: Renounce Religion, Bend Time


You were in the Dungeon.
You worshipped Cheibriados.
Cheibriados was aware of your devotion.
You visited 1 branch

Inventory:

Hand Weapons
 n - a +2 heavy morningstar (weapon)
 o - a +2 halberd of flaming
Missiles
 e - a javelin (quivered)
Armour
 c - a +0 helmet (worn)
 d - a +0 plate armour (worn)
 p - a +0 pair of boots (worn)
Jewellery
 a - a +2 ring of protection
 b - a +2 ring of protection
Wands
 m - a wand of acid (10)
Scrolls
 k - 2 scrolls of blinking
 l - 2 scrolls of amnesia
Potions
 f - 5 potions of curing
 g - a potion of heal wounds
 h - a potion of haste
 i - 4 potions of magic


   Skills:
 + Level 7.8 Fighting
 + Level 7.5 Maces & Flails
 - Level 1.7 Throwing
 + Level 7.3 Armour
 + Level 6.2 Dodging
 + Level 7.3 Invocations


You had 6 spell levels left.
You didn't know any spells.
Your spell library was empty.

Dungeon Overview and Level Annotations

Branches:
Dungeon (1/1)

Altars:
Cheibriados
Dithmenos
Elyvilon
Fedhas
Gozag
Hepliaklqana
Kikubaaqudgha
Makhleb
Nemelex Xobeh
Okawaru
Qazlal
Ru
Sif Muna
Trog
Uskayaw
Vehumet
Wu Jian
Xom
Yredelemnul
Zin
The Shining One
Jiyva
Lugonu


Innate Abilities, Weirdness & Mutations

You are immune to sickness and miasma.
Your stone body is resilient. (AC +4)
You are immune to poison.
You resist negative energy. (rN+)
You are resistant to electric shocks. (rElec)
You are resistant to unholy torment.
You are immune to petrification.


Message History

The boulder beetle leaps!
The gargoyle hurls a stone arrow at you.
The stone arrow hits you.
The kobold demonologist casts a spell.
Unknown command.
The gargoyle barely misses you.
You closely miss the gargoyle.
The boulder beetle curls into a ball and begins rolling!
The gargoyle hurls a stone arrow at you.
The stone arrow hits you!!
* * * LOW HITPOINT WARNING * * *
The gargoyle hits you with a +0 mace.
* * * LOW HITPOINT WARNING * * *
Unknown command.
You feel much better. The gargoyle closely misses you.
Unknown command.
Unknown command.
You impale the gargoyle!!
The gargoyle is almost destroyed.
The kobold demonologist looks satisfied for a moment.
The gargoyle hits you but does no damage.
The boulder beetle hits you!!
Ouch! That really hurt!
* * * LOW HITPOINT WARNING * * *
The boulder beetle stops rolling and uncurls.
The gargoyle hits you but does no damage.
Unknown command.
Unknown command.
You feel much better. The boulder beetle bites you!
* * * LOW HITPOINT WARNING * * *
The gargoyle barely misses you.
You hit the boulder beetle but do no damage.
The boulder beetle is almost dead.
The boulder beetle bites you but does no damage.
The kobold demonologist gestures wildly while chanting.
The gargoyle hurls a stone arrow at you.
The stone arrow hits you.
* * * LOW HITPOINT WARNING * * *
The boulder beetle bites you.
You die... ▓▓▓▓▓▓▓▓▓▓▓▓▓▓▓▓▓▓▓▓▓▓▓ +OKDJ9@B...)).'..).(.). ▓▓▓▓▓▓▓▓▓▓▓▓▓▓▓▓▓▓▓▓▓▓▓

You could see a boulder beetle, a seven-headed hydra, a slime creature, a two-headed ogre, a kobold demonologist and a gargoyle.

Vanquished Creatures
  A gargoyle (D)
  An ogre (D)
  A centaur (D)
  A hound (D)
  A jelly (D)
  2 orc wizards (D)
  An orc (D)
  2 giant cockroaches (D)
  A quokka (D)
  A frilled lizard (D)
  A kobold (D)
13 creatures vanquished.

Vanquished Creatures (others)
  A wyvern (D)
  A gnoll sergeant (D)
  A howler monkey (D)
3 creatures vanquished.

Grand Total: 16 creatures vanquished

Notes
Turn   | Place    | Note
-------+----------+-------------------------------------------
     0 | D        | Groucho the Gargoyle Gladiator began the quest for the Orb.
     0 | D        | Reached XP level 1. HP: 12/12 MP: 1/1
    18 | D        | Reached skill level 1 in Armour
    18 | D        | Reached skill level 1 in Invocations
   128 | D        | Noticed a jelly
   128 | D        | Noticed an ogre
   128 | D        | Noticed a hound
   128 | D        | Noticed an orc wizard
   132 | D        | Killed an orc wizard
   133 | D        | Reached XP level 2. HP: 19/19 MP: 1/3
   133 | D        | Reached XP level 3. HP: 23/23 MP: 1/4
   136 | D        | Reached XP level 4. HP: 29/29 MP: 1/6
   138 | D        | Killed an ogre
   139 | D        | Reached skill level 5 in Fighting
   139 | D        | Reached skill level 5 in Maces & Flails
   139 | D        | Reached XP level 5. HP: 33/35 MP: 1/8
   141 | D        | Reached skill level 5 in Armour
   141 | D        | Reached skill level 5 in Invocations
   147 | D        | Found a snail-covered altar of Cheibriados.
   147 | D        | Found a shadowy altar of Dithmenos.
   147 | D        | Found a white marble altar of Elyvilon.
   147 | D        | Found a blossoming altar of Fedhas.
   147 | D        | Found an opulent altar of Gozag.
   190 | D        | Found a hazy altar of Hepliaklqana.
   191 | D        | Found a viscous altar of Jiyva.
   192 | D        | Found an ancient bone altar of Kikubaaqudgha.
   193 | D        | Became a worshipper of Cheibriados the Contemplative
   194 | D        | Found a corrupted altar of Lugonu.
   195 | D        | Found a burning altar of Makhleb.
   196 | D        | Found a sparkling altar of Nemelex Xobeh.
   197 | D        | Found an iron altar of Okawaru.
   198 | D        | Found a stormy altar of Qazlal.
   199 | D        | Found a sacrificial altar of Ru.
   200 | D        | Found a shimmering blue altar of Sif Muna.
   201 | D        | Found a bloodstained altar of Trog.
   202 | D        | Found a hide-covered altar of Uskayaw.
   203 | D        | Found a radiant altar of Vehumet.
   204 | D        | Found an ornate altar of the Wu Jian Council.
   205 | D        | Found a shimmering altar of Xom.
   206 | D        | Found a basalt altar of Yredelemnul.
   207 | D        | Found a glowing silver altar of Zin.
   208 | D        | Found a glowing golden altar of the Shining One.
   272 | D        | Noticed a gargoyle
   272 | D        | Noticed a wyvern
   272 | D        | Noticed a centaur
   278 | D        | Killed a centaur
   279 | D        | Reached skill level 5 in Dodging
   279 | D        | Reached XP level 6. HP: 41/41 MP: 8/10
   282 | D        | Reached * piety under Cheibriados
   285 | D        | Killed a wyvern
   290 | D        | Killed a gargoyle
   291 | D        | Reached XP level 7. HP: 36/48 MP: 10/12
   591 | D        | Noticed a two-headed ogre
   591 | D        | Noticed a seven-headed hydra
   591 | D        | Noticed a kobold demonologist
   591 | D        | Noticed a slime creature
   591 | D        | Noticed a boulder beetle
   591 | D        | Noticed a gargoyle
   602 | D        | HP: 2/48 [gargoyle/stone arrow (4)]
   602 | D        | Slain by a boulder beetle

Illustrated notes

Levels and vault maps discovered:
D:        linesprint [early_d, line_temple, items_1, d_10, items_2, lair_1,
          lair_end, items_3, orc_1, orc_end, items_4, d_15, swamp_1, shoals_1,
          snake_1, spider_1, d_20, vaults_1, items_5, swamp_end, shoals_end,
          snake_end, spider_end, vaults_end, d_27, items_6, zot_1, zot_end,
          crypt_end, forest_end, elf_end, slime_end, tomb_end, abyss_end,
          pan_hell_end]

Skill      XL: |  1  2  3  4  5  6 |
---------------+-------------------+-----
Armour         | 2 3 4 5 7 |  7.3
Invocations    | 2 3 4 5 7 |  7.3
Fighting       | 3 4 5 6 7 |  7.8
Maces & Flails | 4 5 6 7 |  7.5
Dodging        | 3 4 5 6 |  6.2
Throwing       | |  1.7

Action                     |  1- 3 |  4- 6 |  7- 9 || total
---------------------------+-------+-------+-------++-------
  Melee: Flail             |    24 |     5 |       ||    29
         Morningstar       |       |    15 |     7 ||    22
         Punch             |       |       |     3 ||     3
    Use: Potion            |     1 |     1 |     2 ||     4
   Stab: Invisible         |       |     2 |       ||     2
 Armour: Leather armour    |     8 |     1 |       ||     9
         Plate armour      |       |    19 |     6 ||    25
  Dodge: Dodged            |    13 |    12 |     5 ||    30
